| TOP OF THE 1ST |
|
Reading Fightin Phils batting - Pitching for Harrisburg Senators : LHP Harry Osborne
|
|
Pitching: LHP Harry Osborne
|
|
|
Batting: RHB Chris Myers
|
0-0: Called Strike 0-1: Ball 1-1: Swinging Strike 1-2: Ball 2-2: Ball 3-2: Ground out 6-3 (Groundball, 6, EV 106.9 MPH)
|
|
Batting: RHB Steve Jones
|
0-0: Swinging Strike 0-1: Ball 1-1: Foul Ball, location: 2F 1-2: DOUBLE (Flyball, 8LD, EV 106.9 MPH)
|
|
Batting: RHB Zach Downs
|
0-0: Ball 1-0: Ball 2-0: Called Strike 2-1: Ground out 6-3 (Groundball, 6, EV 78.8 MPH) Steve Jones to third
|
|
Batting: RHB Matt McDevitt
|
0-0: Called Strike 0-1: Ball 1-1: Ball 2-1: Foul Ball, location: 2F 2-2: Ball 3-2: Foul Ball, location: 2F 3-2: Fly out, F9 (Flyball, 9D, EV 95.6 MPH)
|
| Top of the 1st over - 0 runs, 1 hit, 0 errors, 1 left on base; Reading 0 - Harrisburg 0 |
| BOTTOM OF THE 1ST |
|
Harrisburg Senators batting - Pitching for Reading Fightin Phils : RHP Jeff Dailey
|
|
Pitching: RHP Jeff Dailey
|
|
|
Batting: SHB Dan Castaneda
|
0-0: Fly out, F9 (Flyball, 89M, EV 87.5 MPH)
|
|
Batting: RHB Ryan Hiemer
|
0-0: Ball 1-0: Foul Ball, location: 2F 1-1: Called Strike 1-2: Ball 2-2: Ball 3-2: DOUBLE (Flyball, 8RXD, EV 102.5 MPH)
|
|
Batting: RHB Jim Miske
|
0-0: Called Strike 0-1: SINGLE (Groundball, 56, EV 80.0 MPH) (infield hit) Ryan Hiemer to third
|
|
Batting: LHB Kyung-jin Cho
|
0-0: Called Strike 0-1: Ball 1-1: Swinging Strike 1-2: Ball 2-2: SINGLE (Groundball, 4MD, EV 108.8 MPH) Ryan Hiemer scores Jim Miske to second
|
|
Batting: RHB Rene Montoya
|
0-0: Ball 1-0: Called Strike 1-1: Ball Jim Miske steals 3rd, throwing error, E2 Jim Miske scores Kyung-jin Cho to third 2-1: Fly out, F9 (Flyball, 9S, EV 90.0 MPH)
|
|
Batting: RHB Donovan Auclair
|
0-0: Called Strike 0-1: Ball 1-1: Foul Ball, location: 2F 1-2: Strikes out swinging
|
| Bottom of the 1st over - 2 runs, 3 hits, 1 error, 1 left on base; Reading 0 - Harrisburg 2 |
| TOP OF THE 2ND |
|
Reading Fightin Phils batting - Pitching for Harrisburg Senators : LHP Harry Osborne
|
|
Batting: RHB Seung-mun Kim
|
0-0: Ball 1-0: Reached on error, E6 (Groundball, 6S, EV 86.9 MPH)
|
|
Batting: LHB Danny Zuniga
|
0-0: Called Strike 0-1: Hit by Pitch
|
|
Batting: LHB Rich Kuehne
|
0-0: Ball 1-0: Swinging Strike 1-1: Ball 2-1: Fielders Choice at 2nd, 5-4 (Groundball, 56, EV 83.1 MPH) Seung-mun Kim to third
|
|
Batting: LHB Tsuneharu Nishimura
|
0-0: Called Strike 0-1: Swinging Strike 0-2: Ball 1-2: Fly out, F7 (Flyball, 7S, EV 86.2 MPH)
|
|
Batting: RHB Cory Bonham
|
0-0: Ball 1-0: Called Strike 1-1: Called Strike 1-2: SINGLE (Groundball, 6S, EV 70.6 MPH) (infield hit) Seung-mun Kim scores Rich Kuehne to second
|
|
Batting: RHB Chris Myers
|
0-0: SINGLE (Flyball, 3D, EV 88.1 MPH) Rich Kuehne to third Cory Bonham to second Runner from 3rd tries for Home, throw by RF and OUT! 9-2
|
| Top of the 2nd over - 1 run, 2 hits, 1 error, 2 left on base; Reading 1 - Harrisburg 2 |
| BOTTOM OF THE 2ND |
|
Harrisburg Senators batting - Pitching for Reading Fightin Phils : RHP Jeff Dailey
|
|
Batting: LHB Shinji Adachi
|
0-0: Swinging Strike 0-1: Swinging Strike 0-2: Foul Ball, location: 2F 0-2: Ball 1-2: Foul Ball, location: 2F 1-2: Ground out 4-3 (Groundball, 4D, EV 108.1 MPH)
|
|
Batting: RHB John McNeill
|
0-0: Ball 1-0: Foul Ball, location: 2F 1-1: Foul Ball, location: 2F 1-2: Ball 2-2: Foul Ball, location: 2F 2-2: Ball 3-2: DOUBLE (Line Drive, 7LS, EV 98.8 MPH)
|
|
Batting: RHB Josh Lykins
|
0-0: Called Strike 0-1: Foul Ball, location: 2F 0-2: Strikes out swinging
|
|
Batting: SHB Dan Castaneda
|
0-0: Ground out 5-3 (Groundball, 6S, EV 67.5 MPH)
|
| Bottom of the 2nd over - 0 runs, 1 hit, 0 errors, 1 left on base; Reading 1 - Harrisburg 2 |
| TOP OF THE 3RD |
|
Reading Fightin Phils batting - Pitching for Harrisburg Senators : LHP Harry Osborne
|
|
Batting: RHB Steve Jones
|
0-0: Hit by Pitch
|
|
Batting: RHB Zach Downs
|
0-0: Ball 1-0: Called Strike 1-1: Ball 2-1: Foul Ball, location: 2F 2-2: Foul Ball, location: 2F 2-2: Ball 3-2: Foul Ball, location: 2F 3-2: SINGLE (Line Drive, 8LS, EV 92.5 MPH) Steve Jones to second
|
|
Batting: RHB Matt McDevitt
|
0-0: Ball 1-0: Fly out, F2 (Popup, 2RF, EV 89.4 MPH)
|
|
Batting: RHB Seung-mun Kim
|
0-0: Ball 1-0: Foul Ball, location: 2F 1-1: Foul Ball, location: 2F 1-2: Foul Ball, location: 2F 1-2: Ball 2-2: Ball 3-2: Base on Balls Steve Jones to third Zach Downs to second
|
|
Batting: LHB Danny Zuniga
|
0-0: Fly out, F7 (Line Drive, 7, EV 111.9 MPH) Runner from 3rd tags up, SCORES, throw by LF
|
|
Batting: LHB Rich Kuehne
|
0-0: Ball 1-0: Called Strike 1-1: Ball 2-1: Swinging Strike 2-2: Ball 3-2: Foul Ball, location: 2F 3-2: DOUBLE (Line Drive, 78D, EV 113.8 MPH) Zach Downs scores Seung-mun Kim to third Seung-mun Kim scores
|
|
Batting: LHB Tsuneharu Nishimura
|
0-0: Ball 1-0: Swinging Strike 1-1: Ball 2-1: Called Strike 2-2: Ground out 4-3 (Groundball, 4, EV 106.9 MPH)
|
| Top of the 3rd over - 3 runs, 2 hits, 0 errors, 1 left on base; Reading 4 - Harrisburg 2 |
| BOTTOM OF THE 3RD |
|
Harrisburg Senators batting - Pitching for Reading Fightin Phils : RHP Jeff Dailey
|
|
Batting: RHB Ryan Hiemer
|
0-0: SOLO HOME RUN (Flyball, 78XD, EV 103.1 MPH), Distance : 393 ft
|
|
Batting: RHB Jim Miske
|
0-0: Ball 1-0: SINGLE (Flyball, 78S, EV 90.0 MPH)
|
|
Batting: LHB Kyung-jin Cho
|
0-0: Ball 1-0: Ball Jim Miske steals 2nd base 2-0: Ball 3-0: Called Strike 3-1: Foul Ball, location: 2F 3-2: Strikes out swinging
|
|
Batting: RHB Rene Montoya
|
0-0: Called Strike 0-1: Ball 1-1: Ball 2-1: Ball 3-1: Called Strike 3-2: Strikes out swinging
|
|
Batting: RHB Donovan Auclair
|
0-0: Ball 1-0: Foul Ball, location: 2F 1-1: Ball 2-1: Fly out, F9 (Line Drive, 9S, EV 93.8 MPH)
|
| Bottom of the 3rd over - 1 run, 2 hits, 0 errors, 1 left on base; Reading 4 - Harrisburg 3 |
| TOP OF THE 4TH |
|
Reading Fightin Phils batting - Pitching for Harrisburg Senators : LHP Harry Osborne
|
|
Batting: RHB Cory Bonham
|
0-0: Hit by Pitch
|
|
Batting: RHB Chris Myers
|
0-0: Ball 1-0: Fielders Choice at 2nd, 2-4 (Groundball, 2L, EV 71.2 MPH)
|
|
Now at 2B: Rene Montoya
|
|
|
Now at SS: Pat Drader
|
|
|
Batting: RHB Steve Jones
|
0-0: Called Strike 0-1: Ground out 5-3 (Groundball, 5S, EV 70.0 MPH) Chris Myers to second
|
|
Batting: RHB Zach Downs
|
0-0: Ball 1-0: Ball 2-0: Foul Ball, location: 2F 2-1: Ground out 4-3 (Groundball, 34D, EV 101.9 MPH)
|
| Top of the 4th over - 0 runs, 0 hits, 0 errors, 1 left on base; Reading 4 - Harrisburg 3 |
| BOTTOM OF THE 4TH |
|
Harrisburg Senators batting - Pitching for Reading Fightin Phils : RHP Jeff Dailey
|
|
Batting: LHB Shinji Adachi
|
0-0: Swinging Strike 0-1: Ball 1-1: DOUBLE (Line Drive, 78M, EV 91.2 MPH)
|
|
Batting: RHB John McNeill
|
0-0: Called Strike 0-1: Ground out 6-3 (Groundball, 6S, EV 86.9 MPH)
|
|
Batting: RHB Josh Lykins
|
0-0: Called Strike 0-1: Ball 1-1: Swinging Strike 1-2: Ball 2-2: SINGLE (Groundball, 4MD, EV 96.2 MPH) Shinji Adachi to third
|
|
Batting: SHB Dan Castaneda
|
0-0: Ball 1-0: Foul Ball, location: 2F 1-1: Foul Ball, location: 2F 1-2: Fly out, F8 (Flyball, 8RD, EV 106.9 MPH)
|
|
Batting: RHB Pat Drader
|
0-0: Ball 1-0: Ball 2-0: Called Strike 2-1: Swinging Strike 2-2: Foul Ball, location: 2F 2-2: SINGLE (Line Drive, 4MD, EV 104.4 MPH) Shinji Adachi scores Josh Lykins to second
|
|
Batting: RHB Jim Miske
|
0-0: Ball 1-0: Called Strike 1-1: Foul Ball, location: 2F 1-2: Ball 2-2: Ball 3-2: Strikes out swinging
|
| Bottom of the 4th over - 1 run, 3 hits, 0 errors, 2 left on base; Reading 4 - Harrisburg 4 |
| TOP OF THE 5TH |
|
Reading Fightin Phils batting - Pitching for Harrisburg Senators : LHP Harry Osborne
|
|
Batting: RHB Matt McDevitt
|
0-0: Called Strike 0-1: Ball 1-1: Foul Ball, location: 2F 1-2: Strikes out swinging
|
|
Batting: RHB Seung-mun Kim
|
0-0: Foul Ball, location: 2F 0-1: Foul Ball, location: 2F 0-2: Ball 1-2: Ball 2-2: Ball 3-2: Fly out, F8 (Flyball, 8LM, EV 91.9 MPH)
|
|
Batting: LHB Danny Zuniga
|
0-0: Called Strike 0-1: Called Strike 0-2: Strikes out swinging
|
| Top of the 5th over - 0 runs, 0 hits, 0 errors, 0 left on base; Reading 4 - Harrisburg 4 |
| BOTTOM OF THE 5TH |
|
Harrisburg Senators batting - Pitching for Reading Fightin Phils : RHP Jeff Dailey
|
|
Batting: LHB Kyung-jin Cho
|
0-0: Called Strike 0-1: Called Strike 0-2: Strikes out looking
|
|
Pitching: RHP T.J. Gray
|
|
|
Batting: RHB Rene Montoya
|
0-0: Ball 1-0: Called Strike 1-1: Ball 2-1: Ball 3-1: Ground out 5-3 (Groundball, 56, EV 79.4 MPH)
|
|
Batting: RHB Donovan Auclair
|
0-0: Ball 1-0: SINGLE (Line Drive, 8RS, EV 103.8 MPH)
|
|
Batting: LHB Shinji Adachi
|
0-0: Foul Ball, location: 2F 0-1: Ball 1-1: Ball Wild Pitch! Donovan Auclair to second 2-1: Foul Ball, location: 2F 2-2: Foul Ball, location: 2F 2-2: Ground out 4-3 (Groundball, 4, EV 108.8 MPH)
|
| Bottom of the 5th over - 0 runs, 1 hit, 0 errors, 1 left on base; Reading 4 - Harrisburg 4 |
| TOP OF THE 6TH |
|
Reading Fightin Phils batting - Pitching for Harrisburg Senators : LHP Harry Osborne
|
|
Batting: LHB Rich Kuehne
|
0-0: Ground out U3 (Groundball, 3L, EV 81.9 MPH)
|
|
Batting: LHB Tsuneharu Nishimura
|
0-0: Ball 1-0: Called Strike 1-1: Foul Ball, location: 2F 1-2: Ball 2-2: DOUBLE (Flyball, 8RXD, EV 108.1 MPH)
|
|
Pitching: RHP Chris Close
|
|
|
Batting: RHB Cory Bonham
|
0-0: Ball 1-0: Ball 2-0: Called Strike 2-1: Ball 3-1: Foul Ball, location: 2F 3-2: Base on Balls
|
|
Batting: RHB Chris Myers
|
0-0: Ball 1-0: Ground out 5-3 (Groundball, 56S, EV 64.4 MPH) Tsuneharu Nishimura to third Cory Bonham to second
|
|
Batting: RHB Steve Jones
|
0-0: Called Strike 0-1: Ball 1-1: Ground out 5-3 (Groundball, 56S, EV 65.6 MPH)
|
| Top of the 6th over - 0 runs, 1 hit, 0 errors, 2 left on base; Reading 4 - Harrisburg 4 |
| BOTTOM OF THE 6TH |
|
Harrisburg Senators batting - Pitching for Reading Fightin Phils : RHP T.J. Gray
|
|
Pinch Hitting: LHB Nate Melendez
|
0-0: Ball 1-0: Ball 2-0: SINGLE (Groundball, 4D, EV 97.5 MPH)
|
|
Batting: RHB Josh Lykins
|
0-0: Called Strike 0-1: Called Strike 0-2: Grounds into double play, 6-4-3 (Groundball, 6, EV 106.2 MPH)
|
|
Batting: SHB Dan Castaneda
|
0-0: SINGLE (Groundball, 6D, EV 94.4 MPH)
|
|
Batting: RHB Pat Drader
|
0-0: Called Strike 0-1: Called Strike 0-2: Ball 1-2: Foul Ball, location: 2F 1-2: Strikes out swinging
|
| Bottom of the 6th over - 0 runs, 2 hits, 0 errors, 1 left on base; Reading 4 - Harrisburg 4 |
| TOP OF THE 7TH |
|
Reading Fightin Phils batting - Pitching for Harrisburg Senators : RHP Chris Close
|
|
Now in CF: Nate Melendez
|
|
|
Batting: RHB Zach Downs
|
0-0: Ball 1-0: Ball 2-0: Ground out 6-3 (Groundball, 6M, EV 82.5 MPH)
|
|
Batting: RHB Matt McDevitt
|
0-0: Ball 1-0: Foul Ball, location: 2F 1-1: Fly out, F7 (Flyball, 7S, EV 89.4 MPH)
|
|
Batting: RHB Seung-mun Kim
|
0-0: Ball 1-0: Swinging Strike 1-1: DOUBLE (Line Drive, 78D, EV 110.0 MPH)
|
|
Batting: LHB Danny Zuniga
|
0-0: Ball 1-0: Ball 2-0: Ball 3-0: Foul Ball, location: 2F 3-1: Foul Ball, location: 2F 3-2: Foul Ball, location: 2F 3-2: Strikes out swinging
|
| Top of the 7th over - 0 runs, 1 hit, 0 errors, 1 left on base; Reading 4 - Harrisburg 4 |
| BOTTOM OF THE 7TH |
|
Harrisburg Senators batting - Pitching for Reading Fightin Phils : RHP T.J. Gray
|
|
Batting: RHB Jim Miske
|
0-0: Ball 1-0: Called Strike 1-1: Foul Ball, location: 2F 1-2: Strikes out swinging
|
|
Batting: LHB Kyung-jin Cho
|
0-0: Called Strike 0-1: Called Strike 0-2: Ball 1-2: Ball 2-2: Foul Ball, location: 2F 2-2: Ground out 6-3 (Groundball, 6M, EV 91.9 MPH)
|
|
Batting: RHB Rene Montoya
|
0-0: Swinging Strike 0-1: Ball 1-1: Called Strike 1-2: Ball 2-2: Strikes out swinging
|
| Bottom of the 7th over - 0 runs, 0 hits, 0 errors, 0 left on base; Reading 4 - Harrisburg 4 |
| TOP OF THE 8TH |
|
Reading Fightin Phils batting - Pitching for Harrisburg Senators : RHP Chris Close
|
|
Pitching: LHP Ian Bell
|
|
|
Pinch Hitting: RHB Alan Weller
|
0-0: Called Strike 0-1: Ball 1-1: Swinging Strike 1-2: Strikes out looking
|
|
Batting: LHB Josh George
|
0-0: Ball 1-0: Foul Ball, location: 2F 1-1: Called Strike 1-2: Ball 2-2: Foul Ball, location: 2F 2-2: Strikes out looking
|
|
Pitching: RHP Jason Beck
|
|
|
Batting: RHB Cory Bonham
|
0-0: Called Strike 0-1: Ball 1-1: Ball 2-1: DOUBLE (Flyball, 89D, EV 108.1 MPH)
|
|
Batting: RHB Chris Myers
|
0-0: Intentional Walk
|
|
Batting: RHB Steve Jones
|
0-0: Called Strike 0-1: Ball 1-1: Ball 2-1: Ground out 5-3 (Groundball, 15, EV 77.5 MPH)
|
| Top of the 8th over - 0 runs, 1 hit, 0 errors, 2 left on base; Reading 4 - Harrisburg 4 |
| BOTTOM OF THE 8TH |
|
Harrisburg Senators batting - Pitching for Reading Fightin Phils : RHP T.J. Gray
|
|
Pitching: RHP Alard Kraaijeveld
|
|
|
Now in CF: Allen Deschamps
|
|
|
Batting: RHB Donovan Auclair
|
0-0: Called Strike 0-1: Foul Ball, location: 2F 0-2: Fly out, F7 (Flyball, 7D, EV 99.4 MPH)
|
|
Batting: LHB Shinji Adachi
|
0-0: Ball 1-0: Ground out U3 (Groundball, 3L, EV 106.9 MPH)
|
|
Batting: LHB Nate Melendez
|
0-0: Ground out 1-3 (Groundball, 13S, EV 67.5 MPH)
|
| Bottom of the 8th over - 0 runs, 0 hits, 0 errors, 0 left on base; Reading 4 - Harrisburg 4 |
| TOP OF THE 9TH |
|
Reading Fightin Phils batting - Pitching for Harrisburg Senators : RHP Jason Beck
|
|
Batting: RHB Zach Downs
|
0-0: Called Strike 0-1: SINGLE (Groundball, 6MD, EV 97.5 MPH)
|
|
Batting: RHB Matt McDevitt
|
0-0: Called Strike 0-1: Called Strike 0-2: Strikes out looking
|
|
Batting: RHB Seung-mun Kim
|
0-0: Called Strike 0-1: Foul Ball, location: 2F 0-2: Strikes out swinging
|
|
Batting: LHB Danny Zuniga
|
0-0: Swinging Strike 0-1: Foul Ball, location: 2F 0-2: Ball 1-2: Foul Ball, location: 2F 1-2: Strikes out looking
|
| Top of the 9th over - 0 runs, 1 hit, 0 errors, 1 left on base; Reading 4 - Harrisburg 4 |
| BOTTOM OF THE 9TH |
|
Harrisburg Senators batting - Pitching for Reading Fightin Phils : RHP Alard Kraaijeveld
|
|
Pinch Hitting: SHB Alex Medina
|
0-0: Swinging Strike 0-1: Ball 1-1: Ball 2-1: Fly out, F8 (Flyball, 8RD, EV 95.0 MPH)
|
|
Batting: SHB Dan Castaneda
|
0-0: Called Strike 0-1: Ball 1-1: Called Strike 1-2: Ground out 3-1 (Groundball, 34, EV 82.5 MPH)
|
|
Batting: RHB Pat Drader
|
0-0: Swinging Strike 0-1: Ball 1-1: Ground out 2-3 (Groundball, 13S, EV 74.4 MPH)
|
| Bottom of the 9th over - 0 runs, 0 hits, 0 errors, 0 left on base; Reading 4 - Harrisburg 4 |
| TOP OF THE 10TH |
|
Reading Fightin Phils batting - Pitching for Harrisburg Senators : RHP Jason Beck
|
|
Pitching: LHP Kerry Baty
|
|
|
Now at C: Alex Medina
|
|
|
Batting: RHB Allen Deschamps
|
0-0: Ball 1-0: Called Strike 1-1: Swinging Strike 1-2: Foul Ball, location: 2F 1-2: Foul Ball, location: 2F 1-2: Strikes out swinging
|
|
Batting: LHB Josh George
|
0-0: Ball 1-0: Foul Ball, location: 2F 1-1: Ground out 4-3 (Groundball, 34D, EV 101.9 MPH)
|
|
Batting: RHB Cory Bonham
|
0-0: Ball 1-0: Foul Ball, location: 2F 1-1: Foul Ball, location: 2F 1-2: Strikes out swinging
|
| Top of the 10th over - 0 runs, 0 hits, 0 errors, 0 left on base; Reading 4 - Harrisburg 4 |
| BOTTOM OF THE 10TH |
|
Harrisburg Senators batting - Pitching for Reading Fightin Phils : RHP Alard Kraaijeveld
|
|
Batting: RHB Jim Miske
|
0-0: Ball 1-0: Ball 2-0: Ball 3-0: Called Strike 3-1: Foul Ball, location: 2F 3-2: Ground out 6-3 (Groundball, 6M, EV 90.6 MPH)
|
|
Batting: LHB Kyung-jin Cho
|
0-0: Called Strike 0-1: Ball 1-1: Foul Ball, location: 2F 1-2: Strikes out looking
|
|
Batting: RHB Rene Montoya
|
0-0: Called Strike 0-1: Ball 1-1: SINGLE (Groundball, 34D, EV 104.4 MPH)
|
|
Batting: RHB Donovan Auclair
|
0-0: Ball 1-0: Called Strike 1-1: Fly out, F8 (Flyball, 78M, EV 88.1 MPH)
|
| Bottom of the 10th over - 0 runs, 1 hit, 0 errors, 1 left on base; Reading 4 - Harrisburg 4 |
| TOP OF THE 11TH |
|
Reading Fightin Phils batting - Pitching for Harrisburg Senators : LHP Kerry Baty
|
|
Batting: RHB Chris Myers
|
0-0: Foul Ball, location: 2F 0-1: Fly out, F9 (Flyball, 89M, EV 87.5 MPH)
|
|
Batting: RHB Steve Jones
|
0-0: Ball 1-0: Ball 2-0: Ground out 6-3 (Groundball, 6, EV 102.5 MPH)
|
|
Batting: RHB Zach Downs
|
0-0: Called Strike 0-1: Ground out 6-3 (Groundball, 6, EV 90.6 MPH)
|
| Top of the 11th over - 0 runs, 0 hits, 0 errors, 0 left on base; Reading 4 - Harrisburg 4 |
| BOTTOM OF THE 11TH |
|
Harrisburg Senators batting - Pitching for Reading Fightin Phils : RHP Alard Kraaijeveld
|
|
Batting: LHB Shinji Adachi
|
0-0: Ball 1-0: Fly out, F7 (Flyball, 7S, EV 82.5 MPH)
|
|
Batting: LHB Nate Melendez
|
0-0: Ball 1-0: Foul Ball, location: 2F 1-1: DOUBLE (Line Drive, 5D, EV 100.0 MPH)
|
|
Pitching: LHP Scott Hopkins
|
|
|
Batting: SHB Alex Medina
|
0-0: Called Strike 0-1: Foul Ball, location: 2F 0-2: Foul Ball, location: 2F 0-2: Foul Ball, location: 2F 0-2: Ball 1-2: Strikes out swinging
|
|
Batting: SHB Dan Castaneda
|
0-0: Ball 1-0: Ball 2-0: SINGLE (Flyball, 8RS, EV 85.6 MPH) Nate Melendez to third Runner from 3rd tries for Home, SAFE, throw by CF to home
|
| Bottom of the 11th over - 1 run, 2 hits, 0 errors, 1 left on base; Reading 4 - Harrisburg 5 |
|